 Dungeon Crawl Stone Soup version 0.31-a0-799-g6bc09d010c (webtiles) character file.

Game seed: 14628030579093040425

4 Bravepunisher the Ducker (level 1, 0/11 HPs)
             Began as a Spriggan Monk on Sept 19, 2023.
             Slain by a gnoll
             ... wielding a +0 spear
              (1 damage)
             ... on level 4 of the Dungeon.
             The game lasted 00:00:45 (139 turns).

Bravepunisher the Ducker (Spriggan Monk)             Turns: 139, Time: 00:00:45

Health: 0/11       AC:  2    Str:  7    XL:     1   Next: 50%
Magic:  2/2        EV: 18    Int: 11    God:
Gold:   0          SH:  0    Dex: 17    Spells: 0/0 levels left

rFire   . . .        a - +0 short sword
rCold   . . .        d - orb {light}
rNeg    . . .        b - +0 robe
rPois   .            (helmet restricted)
rElec   .            (no cloak)
rCorr   .            (gloves unavailable)
SInv    +            (boots unavailable)
Will    .....        (no amulet)
Stlth   +            (no ring)
HPRegen 0.21/turn    (no ring)
MPRegen 0.08/turn

%: no passive effects
@: glowing, very quick
A: very small, no large weapons, unfitting armour, see invisible, speed 3
a: no special abilities


You were on level 4 of the Dungeon.
You visited 2 branches of the dungeon, and saw 5 of its levels.

Inventory:

Hand Weapons
 a - a +0 short sword (weapon)
Armour
 b - a +0 robe (worn)
 d - an orb of light (worn)
Potions
 c - a potion of ambrosia


   Skills:
 * Level 2.6 Fighting
 - Level 3.2 Short Blades
 + Level 4.1 Dodging


You couldn't memorise any spells.
You didn't know any spells.
Your spell library was empty.

Dungeon Overview and Level Annotations

Branches:
Dungeon (4/15)             Temple (1/1) D:4

Altars:
Ashenzari
Dithmenos
Elyvilon
Gozag
Okawaru
Qazlal
Sif Muna
Trog
Uskayaw
Vehumet
Wu Jian
Yredelemnul
Zin
The Shining One


Innate Abilities, Weirdness & Mutations

You are very small and have problems with some larger weapons.
You are too small for most types of armour.
You have supernaturally acute eyesight. (SInv)
You cover ground extremely quickly. (Speed+++)


Message History

The howler monkey howls!
There is a staircase to the Ecumenical Temple here.
The ufetubus barely misses you. The ufetubus closely misses you.
You climb downwards.
Welcome to the Ecumenical Temple!
Found a bloodstained altar of Trog and a shadowy altar of Dithmenos.
Found a staircase back to the Dungeon.
There is a staircase back to the Dungeon here.
You climb upwards.
Welcome back to the Dungeon!
You hear the sound of rushing water.
There is an entrance to a sewer on this level.
Hurry and find it before the portal rusts away!
The endoplasm quivers.
The jackal completely misses you. The ufetubus misses you.
The ufetubus closely misses you. The bullfrog barely misses you.
The jackal completely misses you. The jackal barely misses you.
The ufetubus closely misses you. The ufetubus barely misses you.
The bullfrog hits you but does no damage.
There is a staircase to the Ecumenical Temple here.
Found an escape hatch in the ceiling.
The ufetubus hits you.
The ufetubus hits you but does no damage.
The jackal attacks as it pursues you! The jackal barely misses you.
The howler monkey hoots and howls with incredible vigour!
You hear an angry hiss.
You hear a shout!
The ufetubus barely misses you. The ufetubus misses you.
Found a sling.
The ufetubus attacks as it pursues you! The ufetubus closely misses you. x2
An iguana comes into view.
The iguana hisses angrily.
A gnoll comes into view. It is wielding a +0 club.
The gnoll shouts!
A gnoll comes into view. It is wielding a +0 spear.
The gnoll misses you.
You hit the gnoll but do no damage.
The gnoll hits you from afar with a +0 spear.
The gnoll hits you with a +0 club.
* * * LOW HITPOINT WARNING * * *
You hit the gnoll but do no damage. The ufetubus closely misses you.
The ufetubus misses you.
You hit the gnoll but do no damage.
The gnoll hits you from afar with a +0 spear.
You die...

#.###.........
.#.#...#+######
..............#
..#...........#
#.............#
.###..........# .
#......h...# .
#)......h.F#########.
.
#####.....hl5@gg.....
#############.###


You could see a bullfrog, an iguana, 2 gnolls, an ufetubus and 3 jackals.

Vanquished Creatures
  2 goblins
  2 frilled lizards (D:3)
4 creatures vanquished.

Notes
Turn   | Place    | Note
-------+----------+-------------------------------------------
     0 | D:1      | Bravepunisher the Spriggan Monk began the quest for the
                  | Orb.
     0 | D:1      | Reached XP level 1. HP: 11/11 MP: 2/2
   101 | D:4      | Noticed a bullfrog
   107 | D:4      | Found a staircase to the Ecumenical Temple.
   111 | D:4      | Noticed a howler monkey
   116 | Temple   | Entered the Ecumenical Temple
   124 | D:4      | Noticed an iguana
   139 | D:4      | Slain by a gnoll

Illustrated notes

Levels and vault maps discovered:
D:1:      wheals_arrival_linesprint, layout_loops_ring,
          nicolae_figureground_sparkle
D:2:      layout_rooms
D:3:      layout_basic, worldfamousw_hep_ancestral_shrine,
          minmay_goblin_kobold_house
D:4:      layout_basic, gammafunk_temple_overflow_wave,
          minmay_temple_entry_slanted, gup_sewer_entry_bubbles,
          uniq_crazy_yiuf_cottage
Temple:   nicolae_temple_superstar

Action                     || total
---------------------------++-------
  Melee: Short sword       ||    10
 Armour: Robe              ||    13
  Dodge: Dodged            ||    23

Table legend: (Time is in decaauts)
 A = Elapsed time spent in this place.
 B = Non-inter-level travel time spent in this place.
 C = Inter-level travel time spent in this place.
 D = Time resting spent in this place.
 E = Time spent auto-exploring this place.
 F = Levels seen in this place.
 G = Mean time per level.
                   A        B        C        D        E       F      G
               +--------+--------+--------+--------+--------+-----+--------+
         Total |     98 |     98 |      0 |      0 |     47 |   5 |   19.6 |
       Dungeon |     96 |     96 |      0 |      0 |     47 |   4 |   24.0 |
        Temple |      1 |      1 |      0 |      0 |      0 |   1 |    1.0 |
               +--------+--------+--------+--------+--------+-----+--------+

Top non-repeatable levels by time:
     D:3: 43 daAuts
     D:1: 25 daAuts
     D:4: 23 daAuts
     D:2: 4 daAuts
  Temple: 1 daAuts
